 Seeded DCSS version 0.29.1-15-g9cfb28693d (webtiles) character file.

Game seed: 4916263666957482044 (custom seed)

15518 kingofthe the Covert (level 12, -1/59 HPs)
             Began as a Deep Elf Conjurer on Apr 10, 2023.
             Was an Elder of Sif Muna.
             Slain by a cane toad (13 damage)
             ... on level 2 of the Lair of Beasts.
             The game lasted 00:36:31 (13788 turns).

kingofthe the Covert (Deep Elf Conjurer)           Turns: 13788, Time: 00:36:31

Health: -1/59      AC:  8    Str: 10    XL:     12   Next: 1%
Magic:  17/28      EV: 18    Int: 30    God:    Sif Muna [****..]
Gold:   850        SH:  5    Dex: 15    Spells: 14/32 levels left

rFire   + . .      SeeInvis +   a - staff of conjuration {!a}
rCold   . . .      Faith    .   (no shield)
rNeg    . . .      Spirit   .   y - +1 robe {Archmagi}
rPois   .          Reflect  +   (no helmet)
rElec   .          Harm     .   C - +2 cloak
rCorr   .          Rampage  .   z - +1 pair of gloves
Will    +....      Archmagi +   (no boots)
Stlth   +++++.....              k - amulet of reflection
HPRegen 0.19/turn               G - ring of Dytide {rF+ Str+6 Int+3}
MPRegen 0.21/turn               v - ring of see invisible

@: lethally poisoned (-1 -> -6), about to teleport, studying Stealth
A: no striking features
a: Renounce Religion, Channel Magic, Forget Spell, Divine Exegesis


You were on level 2 of the Lair of Beasts.
You worshipped Sif Muna.
Sif Muna was greatly pleased with you.
You visited 3 branches of the dungeon, and saw 11 of its levels.
You also visited: Ossuary.

You collected 934 gold pieces.
You spent 84 gold pieces at shops.


   Skills:
 * Level 11.8 Dodging
 + Level 12.6 Stealth
 + Level 10.5 Spellcasting
 + Level 9.5 Conjurations
 - Level 8.5 Hexes
 - Level 5.0 Translocations
 * Level 6.0 Fire Magic
 + Level 6.2 Invocations


You had 14 spell levels left.
You knew the following spells:

 Your Spells              Type           Power      Damage    Failure   Level
a - Magic Dart            Conj           100%       1d8       1%          1
b - Searing Ray           Conj           100%       2d8       1%          2
c - Fulminant Prism       Conj/Hex       51%        3d23      1%          4
d - Iskenderun's Mystic   Conj/Tloc      94%        2d18      1%          4
e - Fireball              Conj/Fire      48%        3d19      3%          5
z - Blink                 Tloc           100%       N/A       1%          2

Your spell library contained the following spells:

 Spells                   Type           Power      Damage    Failure   Level
 Dazzling Flash           Conj/Hex       100%       N/A       1%          3
 Lesser Beckoning         Tloc           62%        N/A       1%          3
 Summon Guardian Golem    Hex/Summ       58%        N/A       1%          3
 Summon Small Mammal      Summ           92%        N/A       3%          1
 Call Canine Familiar     Summ           23%        N/A       10%         3
 Manifold Assault         Tloc           62%        N/A       12%         5
 Starburst                Conj/Fire      48%        6d13      21%         6
 Olgreb's Toxic Radiance  Pois           23%        N/A       32%         4
 Ozocubu's Refrigeration  Ice            11%        4d10      100%        7
 Ignition                 Fire           33%        3d10      100%        8

Inventory:

Hand Weapons
 b - a +2 dagger of flaming
 c - a +0 dagger of freezing
 x - a +2 whip of flaming
 L - a +1 dagger of holy wrath
Missiles
 j - 4 boomerangs of dispersal {=f}
Armour
 y - a +1 robe of the Archmagi (worn)
 z - a +1 pair of gloves (worn)
 C - a +2 cloak (worn)
 M - +0 steam dragon scales
Magical Staves
 a - a staff of conjuration (weapon) {!a}
Jewellery
 f - a ring of fire
 k - an amulet of reflection (around neck)
 v - a ring of see invisible (right hand)
 F - a ring of protection from fire
 G - the ring of Dytide (left hand) {rF+ Str+6 Int+3}
   (You found it on level 7 of the Dungeon)

   [ring of strength]

   Str:       It affects your strength (+6).
   Int:       It affects your intelligence (+3).
   rF:        It protects you from fire.
 N - a ring of positive energy
 S - a +6 ring of strength
Wands
 D - a wand of polymorph (15)
 O - a wand of mindburst (17)
Scrolls
 i - a scroll of poison {unknown}
 l - a scroll of identify {@r1}
 m - 2 scrolls of brand weapon {unknown}
 o - 3 scrolls of magic mapping
 p - 2 scrolls of blinking {unknown}
 q - 3 scrolls of fear
 r - 2 scrolls of enchant armour {unknown}
 t - 3 scrolls of immolation
 u - 2 scrolls of fog {unknown}
 w - a scroll of summoning {unknown}
 E - a scroll of torment {unknown}
 I - a scroll of noise {unknown}
 J - 4 scrolls of enchant weapon
 P - 3 scrolls of teleportation {@r2}
 Q - a scroll of amnesia {unknown}
Potions
 d - a potion of berserk rage {unknown}
 e - 2 potions of flight {unknown}
 g - a potion of ambrosia {unknown}
 h - 2 potions of invisibility {unknown}
 n - 3 potions of curing {@q1}
 s - a potion of haste {unknown}
 A - 2 potions of heal wounds {@q2}
 B - a potion of attraction {unknown}
 H - 3 potions of cancellation {unknown}
 K - a potion of degeneration {unknown}

Dungeon Overview and Level Annotations

Branches:
Dungeon (8/15)             Temple (1/1) D:7            Lair (2/5) D:8
Ossuary (visited)
  Swamp: Lair:2-3    Shoals: Lair:2-3     Snake: Lair:2-3    Spider: Lair:2-3

Altars:
Ashenzari
Cheibriados
Dithmenos
Elyvilon
Fedhas
Hepliaklqana
Kikubaaqudgha
Makhleb
Nemelex Xobeh
Okawaru
Qazlal
Ru
Sif Muna
Trog
Uskayaw
Vehumet
Wu Jian
Xom
Yredelemnul
Zin
The Shining One

Shops:
D:4 ?

Annotations:
D:3 return with dig
Lair:1 exclusion: downstairs

.......†..........
................>......... .
......................... ..
.......#.##.##.#.........
.##.....####.##.##......#.
.. ...[...##......#P....P...
...##......#...D..#P........
..........##..F...(+....P...
#...<..#...@...#.....P...
##......#......##....P...
#..............#....#...
#P.............#.........
..........##.##P###....
.........###+#### ...
.♣♣♣♣♣♣♣♣.. .. ♣♣♣♣


You could see a seven-headed hydra and a cane toad.


Message History

Your Fire Magic skill increases to level 6!
You have reached level 12!
You feel clever.
You feel better. You block the cane toad's attack.
Casting: Searing Ray (safe; 1% risk of failure)
Confirm with . or Enter, or press ? or * to list all spells.
Aiming: Fulminant Prism (dangerous; 1% risk of failure)
Press: ? - help, Dir - move target, p - cane toad You feel a strong surge of power!
You conjure a prism of explosive energy!
A fulminant prism comes into view.
The cane toad stings you!
* * * LOW HITPOINT WARNING * * *
You are poisoned.
The cane toad poisons you!
The seven-headed hydra bites your fulminant prism!
The seven-headed hydra bites your fulminant prism.
The seven-headed hydra bites your fulminant prism!
The seven-headed hydra bites your fulminant prism!!
Your fulminant prism detonates feebly.
Unknown command.
As you read the scroll of teleportation {@r2}, it crumbles to dust.
You feel strangely unstable.
You feel very sick. The cane toad barely misses you.
You feel very sick.
You feel sick. The cane toad completely misses you.
You feel sick. The cane toad attacks as you move away!
The cane toad stings you!
You die...

Skill      XL: |  1  2  3  4  5  6  7  8  9 10 11 |
---------------+----------------------------------+-----
Stealth        | 3 4 5 6 8 9 11 12 | 12.6
Dodging        | 3 4 5 6 7 8 10 11 | 11.8
Spellcasting   | 4 5 6 7 8 9 10 | 10.5
Hexes          | 1 2 3 5 6 7 8 |  8.5
Conjurations   | 5 6 7 8 9 |  9.5
Invocations    | 3 4 6 |  6.2
Translocations | 3 5 |  5.0
Fire Magic     | 2 6 |  6.0

Action                   |  1- 3 |  4- 6 |  7- 9 | 10-12 || total
-------------------------+-------+-------+-------+-------++-------
Melee: Dagger            |       |       |     4 |       ||     4
 Cast: Magic Dart        |    62 |    65 |   131 |    37 ||   295
       Searing Ray       |     7 |    16 |    34 |    27 ||    84
       Fulminant Prism   |       |       |    29 |    61 ||    90
       Iskenderun's Myst |       |       |     3 |       ||     3
Invok: Channel Magic     |       |       |       |     1 ||     1
Evoke: Wand              |       |       |       |     1 ||     1
  Use: Potion            |       |     1 |       |     1 ||     2
       Scroll            |       |       |       |     7 ||     7
Armor: Robe              |       |     6 |     4 |     6 ||    16
Dodge: Dodged            |       |    11 |    15 |    22 ||    48
Block: Other             |       |     3 |     4 |     6 ||    13
       Reflection        |       |       |     1 |       ||     1

Levels and vault maps discovered:
D:1:      scummos_arrival_hexagon, layout_basic,
          chequers_ecumenical_altar_island
D:2:      layout_loops_ring, uniq_crazy_yiuf_cottage
D:3:      layout_basic, mainiacjoe_overflow_alcove_4,
          nicolae_sif_muna_little_library, gammafunk_temple_overflow_wave,
          uniq_jessica
D:4:      layout_cave_pools, nemelex_xobeh_ov_fountains_minmay, serial_shops,
          nicolae_take_the_stairs, uniq_natasha
D:5:      layout_loops_ring, nicolae_wu_jian_immortal_techniques,
          nicolae_overflow_hidden_temple, ebering_ghost_rock_garden,
          kennysheep_generic_room_2, uniq_pikel, uniq_sigmund
D:6:      layout_rooms, amethyst_overflow_temple_binary,
          nicolae_ossuary_entry_monument, ebering_ghost_rock_garden,
          hangedman_decor_points, uniq_blork_the_orc
D:7:      layout_basic, vehumet_statue, nicolae_overflow_squiral,
          temple_doors_e, david_defended_altar_orc
D:8:      layout_loops_ring, mainiacjoe_overflow_chevrons, lair_entry_dummy,
          serial_ice, serial_ice_a, serial_ice_d, serial_ice_f, serial_ice_c,
          serial_ice_m, serial_ice_g, serial_ice_i, serial_ice_n, serial_ice_e,
          serial_ice_o, hangedman_glass_teeth, minmay_crystal_water,
          uniq_amaemon
Temple:   nicolae_temple_bog_church
Lair:1:   layout_long_grid
Lair:2:   layout_regular_city, nicolae_swamp_entry_splash_gauntlet,
          minmay_snake_entry_guardpost_small

Notes
Turn   | Place    | Note
-------+----------+-------------------------------------------
     0 | D:1      | kingofthe the Deep Elf Conjurer began the quest for the
                  | Orb.
     0 | D:1      | Reached XP level 1. HP: 10/10 MP: 6/6
   182 | D:1      | Reached XP level 2. HP: 15/15 MP: 6/8
   185 | D:1      | Learned a level 2 spell: Searing Ray
   264 | D:1      | Reached skill level 3 in Stealth
   354 | D:1      | Found a faded altar of an unknown god.
   360 | D:1      | Reached skill level 3 in Dodging
   732 | D:1      | Reached XP level 3. HP: 19/19 MP: 7/9
  1467 | D:2      | Found a runed translucent door.
  1468 | D:2      | Noticed Crazy Yiuf
  1506 | D:2      | Reached skill level 4 in Stealth
  1764 | D:2      | Reached XP level 4. HP: 24/24 MP: 9/11
  1769 | D:2      | Learned a level 4 spell: Fulminant Prism
  1961 | D:3      | You fall into a shaft and drop 3 floors!
  1965 | D:6      | Noticed a necrophage
  1967 | D:6      | Noticed a scorpion
  1973 | D:6      | Killed a necrophage
  1974 | D:6      | Reached skill level 4 in Dodging
  1974 | D:6      | Reached skill level 4 in Spellcasting
  1974 | D:6      | Reached skill level 1 in Hexes
  1974 | D:6      | Reached XP level 5. HP: 23/28 MP: 4/13
  1980 | D:6      | Reached skill level 5 in Conjurations
  1980 | D:6      | Reached skill level 2 in Hexes
  1987 | D:5      | Entered Level 5 of the Dungeon
  2052 | D:6      | Found a sand-covered staircase.
  2067 | D:6      | Reached skill level 5 in Stealth
  2067 | D:6      | Reached XP level 6. HP: 15/32 MP: 4/14
  2068 | Ossuary  | Entered an ossuary
  2787 | D:5      | Found a runed translucent gate.
  2787 | D:5      | Found a runed translucent gate.
  2788 | D:5      | Found a runed translucent gate.
  2790 | D:5      | Noticed nalyd1's ghost (weakling KoDe)
  2804 | D:5      | Found a snail-covered altar of Cheibriados.
  2806 | D:5      | Found a glowing golden altar of the Shining One.
  2827 | D:4      | Reached skill level 3 in Hexes
  2924 | D:4      | Reached skill level 5 in Spellcasting
  2955 | D:4      | Reached skill level 5 in Dodging
  3026 | D:4      | Found Sefeebynk's Magic Scroll Boutique.
  3042 | D:3      | Reached XP level 7. HP: 30/36 MP: 7/16
  3184 | D:3      | Found a blossoming altar of Fedhas.
  3184 | D:3      | Noticed Jessica
  3193 | D:3      | Killed Jessica
  3266 | D:3      | Found a broken altar of Ashenzari.
  3266 | D:3      | Found an iron altar of Okawaru.
  3600 | D:3      | Found a shimmering blue altar of Sif Muna.
  3604 | D:3      | Became a worshipper of Sif Muna the Loreminder
  3724 | D:4      | Found a sparkling altar of Nemelex Xobeh.
  3829 | D:4      | Noticed Natasha
  3833 | D:4      | Killed Natasha
  4040 | D:4      | Noticed Natasha
  4047 | D:4      | Killed Natasha
  4048 | D:4      | Reached skill level 6 in Stealth
  4147 | D:4      | Noticed Natasha
  4153 | D:4      | Killed Natasha
  4154 | D:4      | Reached skill level 4 in Hexes
  4189 | D:4      | Found a sparkling altar of Nemelex Xobeh.
  4297 | D:4      | Found Sefeebynk's Magic Scroll Boutique.
  4626 | D:5      | Reached skill level 6 in Conjurations
  4759 | D:5      | Identified a +1 robe of the Archmagi
  4759 | D:5      | Noticed Sigmund
  4767 | D:5      | Killed Sigmund
  4768 | D:5      | Reached skill level 6 in Spellcasting
  4798 | D:5      | Reached skill level 6 in Dodging
  4798 | D:5      | Reached skill level 5 in Hexes
  4798 | D:5      | Reached XP level 8. HP: 39/41 MP: 2/19
  5446 | D:5      | Noticed Pikel
  5457 | D:5      | Killed Pikel
  5458 | D:5      | Reached skill level 7 in Stealth
  5458 | D:5      | Reached skill level 7 in Spellcasting
  5458 | D:5      | Reached skill level 7 in Conjurations
  5458 | D:5      | Reached skill level 6 in Hexes
  5499 | D:5      | Reached * piety under Sif Muna
  5802 | D:5      | Found an ornate altar of the Wu Jian Council.
  6082 | D:6      | Reached skill level 7 in Dodging
  6182 | D:6      | Found a runed translucent gate.
  6187 | D:6      | Found a runed translucent gate.
  6187 | D:6      | Found a runed translucent gate.
  6187 | D:6      | Noticed ArizonaTea's ghost (weakling MiFi)
  6296 | D:6      | Noticed Blork the orc
  6303 | D:6      | Killed Blork the orc
  6304 | D:6      | Reached skill level 8 in Stealth
  6475 | D:6      | Found a stormy altar of Qazlal.
  6486 | D:6      | Found a white marble altar of Elyvilon.
  6521 | D:6      | Reached XP level 9. HP: 45/45 MP: 16/22
  6526 | D:6      | Learned a level 4 spell: Iskenderun's Mystic Blast
  6697 | D:6      | Killed ArizonaTea's ghost
  6857 | D:2      | Killed Crazy Yiuf
  7039 | D:5      | Killed nalyd1's ghost
  7085 | D:7      | Reached skill level 1 in Invocations
  7125 | D:7      | Found a shimmering altar of Xom.
  7126 | D:7      | Found a sacrificial altar of Ru.
  7339 | D:7      | Identified the ring of Dytide {rF+ Str+6 Int+3}
  7411 | D:7      | Reached skill level 2 in Invocations
  7532 | D:7      | Found a radiant altar of Vehumet.
  7545 | D:7      | Reached skill level 8 in Spellcasting
  7601 | D:7      | Found a staircase to the Ecumenical Temple.
  7606 | D:7      | Reached skill level 7 in Hexes
  7614 | Temple   | Entered the Ecumenical Temple
  7978 | D:7      | Learned a level 2 spell: Blink
  8158 | D:7      | Reached skill level 8 in Dodging
  8158 | D:7      | Reached skill level 1 in Translocations
  8236 | D:7      | Reached ** piety under Sif Muna
  8513 | D:8      | Found a staircase to the Lair.
  8521 | D:8      | Reached skill level 9 in Stealth
  8548 | D:8      | Noticed a polar bear
  8693 | D:8      | Reached skill level 2 in Translocations
  8823 | D:8      | Reached skill level 3 in Invocations
  8985 | D:8      | Reached skill level 8 in Conjurations
  9205 | D:8      | Reached skill level 3 in Translocations
  9242 | D:8      | Reached XP level 10. HP: 36/50 MP: 4/24
  9516 | D:8      | Reached skill level 9 in Dodging
  9605 | D:8      | Noticed Amaemon
  9617 | D:8      | Noticed an orange demon
  9620 | D:8      | Killed Amaemon
  9620 | D:8      | Killed an orange demon
  9621 | D:8      | Reached skill level 10 in Stealth
  9621 | D:8      | Reached skill level 9 in Spellcasting
  9621 | D:8      | Reached skill level 8 in Hexes
  9621 | D:8      | Reached skill level 4 in Translocations
  9621 | D:8      | Reached skill level 4 in Invocations
  9721 | D:8      | Reached *** piety under Sif Muna
  9961 | D:8      | Reached skill level 5 in Translocations
 10326 | D:8      | Found a bloodstained altar of Trog.
 10645 | D:4      | Bought a scroll of teleportation for 36 gold pieces
 10645 | D:4      | Bought a scroll of fear for 48 gold pieces
 10703 | Lair:1   | Entered Level 1 of the Lair of Beasts
 10769 | Lair:1   | Learned a level 5 spell: Fireball
 10932 | Lair:1   | Noticed a cane toad
 10937 | Lair:1   | Killed a cane toad
 10938 | Lair:1   | Reached skill level 10 in Dodging
 10938 | Lair:1   | Reached skill level 1 in Fire Magic
 11206 | Lair:1   | Noticed a black mamba
 11218 | Lair:1   | Reached skill level 11 in Stealth
 11218 | Lair:1   | Reached skill level 2 in Fire Magic
 11222 | Lair:1   | Reached XP level 11. HP: 54/54 MP: 18/26
 11240 | Lair:1   | Reached skill level 5 in Invocations
 11542 | Lair:1   | Reached skill level 3 in Fire Magic
 11626 | Lair:1   | Noticed a death yak
 11627 | Lair:1   | Noticed a death yak
 11632 | Lair:1   | Killed a death yak
 11652 | Lair:1   | Reached skill level 9 in Conjurations
 11705 | Lair:1   | Noticed a death yak
 11778 | Lair:1   | Killed a death yak
 11779 | Lair:1   | Reached skill level 11 in Dodging
 11779 | Lair:1   | Reached skill level 10 in Spellcasting
 11779 | Lair:1   | Reached skill level 4 in Fire Magic
 12168 | Lair:1   | Reached **** piety under Sif Muna
 12169 | Lair:1   | Reached skill level 12 in Stealth
 12474 | Lair:1   | Reached skill level 5 in Fire Magic
 12658 | Lair:1   | Reached skill level 6 in Invocations
 13392 | Lair:1   | Killed a death yak
 13711 | Lair:2   | Noticed a four-headed hydra
 13711 | Lair:2   | Noticed a five-headed hydra
 13770 | Lair:2   | Noticed a seven-headed hydra
 13782 | Lair:2   | Reached skill level 6 in Fire Magic
 13782 | Lair:2   | Reached XP level 12. HP: 20/59 MP: 19/28
 13788 | Lair:2   | Slain by a cane toad

Vanquished Creatures
  3 death yaks (Lair:1)
  Amaemon (D:8)
  Pikel (D:5)
  2 black mambas (Lair:1)
  4 elephants (Lair:1)
  3 cane toads
  An orange demon (D:8)
  2 rime drakes (Lair:1)
  A komodo dragon (Lair:1)
  2 polar bears (D:8)
  5 blink frogs (Lair:1)
  Sigmund (D:5)
  18 yaks
  2 wyverns
  A steam dragon (D:8)
  5 water moccasins
  2 black bears
  7 ice beasts
  A sky beast (D:7)
  2 ogres
  2 wolves (D:8)
  A centaur (D:7)
  A phantom (D:7)
  4 lemures (D:5)
  Blork the orc (D:6)
  4 bullfrogs
  2 necrophages
  3 scorpions
  4 wights (D:8)
  The ghost of ArizonaTea the Covered, a weakling MiFi of Lugonu (D:6)
  4 killer bees (D:8)
  2 howler monkeys (D:8)
  2 electric eels (D:8)
  A centaur zombie (Ossuary)
  4 jellies
  Crazy Yiuf (D:2)
  5 hounds
  2 gnoll boudas
  9 orc priests
  Jessica (D:3)
  Natasha (thrice) (D:4)
  An iguana (D:5)
  4 orc wizards
  A statue (D:7)
  A centaur simulacrum (D:8)
  2 mummies (Ossuary)
  9 gnolls
  11 adders
  2 shadow imps
  7 white imps
  5 ufetubi
  A worm (D:2)
  The ghost of nalyd1 the Sneak, a weakling KoDe (D:5)
  2 dart slugs
  24 orcs
  7 endoplasms
  4 giant cockroaches
  3 gnoll zombies (Ossuary)
  4 goblins
  7 hobgoblins
  4 kobolds
  2 quokkas
  4 ball pythons
  6 bats (D:1)
  5 frilled lizards
  4 goblin zombies (Ossuary)
  A hobgoblin zombie (Ossuary)
  5 orc zombies (Ossuary)
  4 rats
252 creatures vanquished.

Vanquished Creatures (others)
  90 fulminant prisms
  10 fungi
  6 plants (Lair:1)
106 creatures vanquished.

Grand Total: 358 creatures vanquished

Table legend: (Time is in decaauts)
 A = Elapsed time spent in this place.
 B = Non-inter-level travel time spent in this place.
 C = Inter-level travel time spent in this place.
 D = Time resting spent in this place.
 E = Time spent auto-exploring this place.
 F = Levels seen in this place.
 G = Mean time per level.
                   A        B        C        D        E       F      G
               +--------+--------+--------+--------+--------+-----+--------+
         Total |  13810 |  13083 |    727 |   1472 |   9746 |  12 | 1150.8 |
       Dungeon |   9841 |   9237 |    604 |    641 |   7332 |   8 | 1230.1 |
        Temple |    205 |    196 |      9 |      0 |    191 |   1 |  205.0 |
          Lair |   3086 |   2972 |    114 |    563 |   1894 |   2 | 1543.0 |
       Ossuary |    677 |    677 |      0 |    268 |    328 |   1 |  677.0 |
               +--------+--------+--------+--------+--------+-----+--------+

Top non-repeatable levels by time:
  Lair:1: 3033 daAuts
     D:8: 2032 daAuts
     D:5: 1552 daAuts
     D:4: 1382 daAuts
     D:7: 1333 daAuts
     D:2: 1213 daAuts
     D:6: 866 daAuts
     D:1: 796 daAuts
 Ossuary: 677 daAuts
     D:3: 665 daAuts
  Temple: 205 daAuts
  Lair:2: 52 daAuts

Table legend:
 A = Non-vault XP
 B = Vault XP
 C = Vault XP percentage of total XP
 D = Non-vault monster count
 E = Vault monster count
 F = Vault count percentage of total count
                 A         B        C        D         E       F
            +---------+---------+-------+---------+---------+-------
      Total |   17009 |    5160 |  23.3 |     194 |      54 |  21.8
            +---------+---------+-------+---------+---------+-------
        D:1 |      42 |       0 |   0.0 |      24 |       0 |   0.0
        D:2 |      55 |      42 |  43.3 |      16 |       1 |   5.9
        D:3 |      84 |      37 |  30.6 |      12 |       1 |   7.7
        D:4 |     362 |      36 |   9.0 |      12 |       1 |   7.7
        D:5 |     398 |    1027 |  72.1 |      21 |       4 |  16.0
        D:6 |     574 |     166 |  22.4 |      18 |       2 |  10.0
        D:7 |    1083 |     164 |  13.2 |      22 |       5 |  18.5
        D:8 |    1554 |    3592 |  69.8 |      26 |      24 |  48.0
     Lair:1 |   12475 |       0 |   0.0 |      42 |       0 |   0.0
     Lair:2 |     382 |       0 |   0.0 |       1 |       0 |   0.0
    Ossuary |       0 |      96 | 100.0 |       0 |      16 | 100.0
            +---------+---------+-------+---------+---------+-------
